 Dungeon Crawl Stone Soup version 0.29-a0-620-g13ace881f2 (webtiles) character file.

Game seed: 9223239909504647590

1356 CollectiveS the Carver (level 8, -5/58 HPs)
             Began as a Demonspawn Fighter on June 19, 2022.
             Killed from afar by an acid dragon (14 damage)
             ... with a splash of acid
             ... on level 6 of the Dungeon.
             The game lasted 00:14:36 (8236 turns).

CollectiveS the Carver (Demonspawn Fighter)         Turns: 8236, Time: 00:14:37

Health: -5/58      AC: 16    Str: 18    XL:     8   Next: 37%
Magic:  8/8        EV:  5    Int: 11    God:
Gold:   670        SH:  4    Dex: 12    Spells: 7/7 levels left

rFire   . . .      SeeInvis .   a - +0 long sword
rCold   . . .      Faith    .   c - +0 buckler
rNeg    . . .      Spirit   .   r - +0 plate armour
rPois   .          Reflect  .   C - +0 helmet
rElec   .          Harm     .   D - +1 cloak
rCorr   .          Rampage  .   (no gloves)
Will    .....                   (no boots)
Stlth   ..........              (no amulet)
HPRegen 0.19/turn               (no ring)
MPRegen 0.11/turn               (no ring)

@: no status effects
A: hooves 1, slimy green scales 1, ignite blood 1
a: no special abilities


You were on level 6 of the Dungeon.
You visited 1 branch of the dungeon, and saw 7 of its levels.
You also visited: Sewer.

You collected 670 gold pieces.

Inventory:

Hand Weapons
 a - a +0 long sword (weapon)
Missiles
 l - 14 poisoned darts (quivered)
Armour
 c - a +0 buckler (worn)
 r - a +0 plate armour (worn)
 y - a scarf of invisibility
 C - a +0 helmet (worn)
 D - a +1 cloak (worn)
Jewellery
 k - an amulet of faith
Wands
 s - a wand of polymorph (10)
 B - a wand of iceblast (7)
Scrolls
 e - 2 scrolls of teleportation {unknown}
 f - 2 scrolls of magic mapping {unknown}
 g - a scroll of brand weapon {unknown}
 i - a scroll of summoning {unknown}
 m - 6 scrolls of identify {unknown}
 p - 3 scrolls of noise {unknown}
 q - a scroll of fog {unknown}
 t - a scroll of immolation {unknown}
 u - 2 scrolls of poison {unknown}
 v - a scroll of fear {unknown}
Potions
 b - a potion of brilliance {unknown}
 d - a potion of might
 h - 2 potions of mutation {unknown}
 j - 2 potions of invisibility {unknown}
 n - 2 potions of lignification {unknown}
 o - a potion of magic {unknown}
 w - 2 potions of curing {unknown}
 x - a potion of berserk rage
 z - a potion of attraction {unknown}
 A - 2 potions of ambrosia {unknown}
 E - a potion of cancellation {unknown}


   Skills:
 - Level 3.4 Fighting
 * Level 9.1 Long Blades
 - Level 3.2 Armour
 - Level 3.1 Shields


You had 7 spell levels left.
You didn't know any spells.
Your spell library contained the following spells:

 Spells                   Type           Power      Damage    Failure   Level
 Magic Dart               Conj           0%         1d3       100%        1
 Slow                     Hex            0%         N/A       100%        1
 Call Imp                 Summ           0%         N/A       100%        2
 Confusing Touch          Hex            0%         N/A       100%        3
 Mephitic Cloud           Conj/Pois/Air  0%         N/A       100%        3
 Vampiric Draining        Necr           0%         2d6       100%        3


Dungeon Overview and Level Annotations

Branches:
Dungeon (7/15)              Sewer (visited)
 Temple: D:4-7

Altars:
Dithmenos
Qazlal
Trog

Shops:
D:3 :

Annotations:
D:4 2 runed translucent doors, Menkaure


Innate Abilities, Weirdness & Mutations

You have large cloven feet.
You are partially covered in slimy green scales. (AC +2)
Your demonic aura sometimes causes spilled blood to erupt in flames.


Message History

The acid dragon spits acid at you. The splash of acid hits you!!
You block the acid dragon's attack.
The acid dragon claws you but does no damage.
You barely miss the acid dragon. The acid dragon bites you.
The acid dragon claws you but does no damage.
You closely miss the acid dragon.
The acid dragon bites you but does no damage.
You block the acid dragon's attack.
You closely miss the acid dragon. Your kick misses the acid dragon.
The acid dragon bites you but does no damage.
The acid dragon claws you but does no damage.
You hit the acid dragon but do no damage.
The acid dragon bites you but does no damage.
The acid dragon claws you but does no damage.
You hit the acid dragon.
The acid dragon is lightly wounded.
The acid dragon bites you!
The acid dragon claws you but does no damage.
You closely miss the acid dragon. Your kick misses the acid dragon.
The acid dragon is lightly wounded.
You barely miss the acid dragon.
You kick the acid dragon, but do no damage.
The acid dragon is lightly wounded.
The acid dragon closely misses you.
The acid dragon claws you but does no damage.
You barely miss the acid dragon. Your kick misses the acid dragon.
The acid dragon is lightly wounded.
The acid dragon bites you. The acid dragon claws you.
You hit the acid dragon but do no damage.
The acid dragon is lightly wounded.
The acid dragon bites you.
The acid dragon claws you but does no damage.
The acid dragon bites you!
* * * LOW HITPOINT WARNING * * *
The acid dragon claws you but does no damage.
Okay, then.
The acid dragon spits acid at you. The splash of acid hits you!
You die...

#......####.......###
#............ ......#
###........# ......
#.......## .....
#....>.## #... # #
#####..)..## #.. #..
........>.## #D# ...
#####..#...# ##°#
.... ##.##..#####@.#
.##. ##.###........##
###..###.....##..##
.....##.....###...##
#.......##.....##.#
#......####...#####
..........##...#
##............##
#......#####..#


You could see an acid dragon (catching breath).

Vanquished Creatures
  A water moccasin (D:3)
  An ice beast (D:5)
  Pargi (Sewer)
  2 black bears (D:4)
  An ogre (D:5)
  2 phantoms
  2 scorpions (D:6)
  A jelly (D:6)
  An orc priest (D:5)
  A hound (D:5)
  Crazy Yiuf (D:5)
  4 iguanas
  Natasha (D:3)
  3 orc wizards
  A gnoll (D:3)
  6 adders
  2 white imps (D:6)
  An ufetubus (D:5)
  2 worms
  3 dart slugs
  10 orcs
  2 ball pythons (D:1)
  14 bats
  8 endoplasms
  5 giant cockroaches
  8 goblins
  7 hobgoblins
  4 jackals (D:1)
  9 kobolds
  7 quokkas
  6 frilled lizards
  5 rats
122 creatures vanquished.

Notes
Turn   | Place    | Note
-------+----------+-------------------------------------------
     0 | D:1      | CollectiveS the Demonspawn Fighter began the quest for the
                  | Orb.
     0 | D:1      | Reached XP level 1. HP: 18/18 MP: 1/1
    65 | D:1      | Reached skill level 2 in Long Blades
    65 | D:1      | Gained mutation: You have large cloven feet. [demonic
                  | ancestry]
    65 | D:1      | Reached XP level 2. HP: 9/24 MP: 2/2
  1161 | D:1      | Gained mutation: Your demonic aura sometimes causes spilled
                  | blood to erupt in flames. [demonic ancestry]
  1161 | D:1      | Reached XP level 3. HP: 27/29 MP: 3/3
  2131 | D:3      | Reached XP level 4. HP: 35/35 MP: 4/4
  2190 | D:3      | Reached skill level 3 in Long Blades
  3059 | D:3      | Found a shadowy altar of Dithmenos.
  3140 | D:3      | Found Liesiad's Book Shoppe.
  3636 | D:4      | Noticed a phantom
  3734 | D:4      | Noticed a water moccasin
  3765 | D:3      | Killed a water moccasin
  3766 | D:3      | Reached skill level 4 in Long Blades
  3766 | D:3      | Reached XP level 5. HP: 30/41 MP: 5/5
  3909 | D:4      | Noticed Natasha
  3923 | D:3      | Killed Natasha
  3924 | D:3      | Reached XP level 6. HP: 29/47 MP: 6/6
  4064 | D:4      | Reached skill level 5 in Long Blades
  4244 | D:4      | Noticed Menkaure
  4300 | D:3      | Reached skill level 6 in Long Blades
  4792 | D:4      | Found a bloodstained altar of Trog.
  4856 | D:4      | Reached XP level 7. HP: 28/52 MP: 7/7
  5179 | D:4      | Found a large runed translucent door.
  5184 | D:4      | Found a large runed translucent door.
  5393 | D:5      | Entered Level 5 of the Dungeon
  5427 | D:5      | Reached skill level 7 in Long Blades
  5467 | D:5      | Found a glowing drain.
  5471 | Sewer    | Entered a sewer
  5522 | Sewer    | Noticed Pargi
  5544 | Sewer    | Killed Pargi
  5838 | D:5      | Reached skill level 8 in Long Blades
  6095 | D:5      | Gained mutation: You are partially covered in slimy green
                  | scales. (AC +2) [demonic ancestry]
  6095 | D:5      | Reached XP level 8. HP: 28/58 MP: 8/8
  6333 | D:5      | Found a runed translucent door.
  6334 | D:5      | Noticed Crazy Yiuf
  6342 | D:5      | Killed Crazy Yiuf
  6818 | D:5      | You fall into a shaft and drop 2 floors!
  7163 | D:6      | Reached skill level 9 in Long Blades
  7356 | D:6      | Found a stormy altar of Qazlal.
  8124 | D:6      | Identified the +3 dagger of False Hope {vorpal, Int+5}
  8236 | D:6      | Killed from afar by an acid dragon

Illustrated notes

Levels and vault maps discovered:
D:1:      minmay_arrival_jagged, layout_basic, chequers_serial_rivers_micro_b
D:2:      layout_basic
D:3:      minmay_skewed_foursquare, layout_loops_corners,
          nicolae_dithmenos_the_darkroom, serial_shops,
          nicolae_shop_behind_doors, kennysheep_generic_room_7
D:4:      layout_basic, trog_ov_bears_minmay, jmf_multi_god_temple2,
          minmay_misc_feat_five, kennysheep_nondescript, minmay_ruptured,
          uniq_natasha, uniq_menkaure
D:5:      layout_cave_pools, gup_sewer_entry_bowl, roderic_lattice_a,
          chequers_jeans, dk_noncrumbling_4, uniq_crazy_yiuf_cottage
D:6:      layout_layer_cave, amcnicky_altar_gilded
D:7:      layout_loops_cross, minmay_temple_entry_crystal_x, serial_shops,
          nicolae_shop_bloodbath_and_beyond, hex_medium, nicolae_elemental_shop

Skill      XL: |  1  2  3  4  5  6  7  8 |
---------------+-------------------------+-----
Long Blades    | 2 4 6 8 9 |  9.1
Armour         | 3 |  3.2
Shields        | 3 |  3.1
Fighting       | |  3.4

Action                   |  1- 3 |  4- 6 |  7- 9 || total
-------------------------+-------+-------+-------++-------
Melee: Long sword        |   130 |   166 |   188 ||   484
       Kick              |    20 |    38 |    49 ||   107
  Use: Potion            |       |     4 |       ||     4
Armor: Scale mail        |    62 |     4 |       ||    66
       Plate armour      |       |   130 |   139 ||   269
Dodge: Dodged            |    73 |    47 |    39 ||   159
Block: Buckler           |    41 |    44 |    46 ||   131

Table legend: (Time is in decaauts)
 A = Elapsed time spent in this place.
 B = Non-inter-level travel time spent in this place.
 C = Inter-level travel time spent in this place.
 D = Time resting spent in this place.
 E = Time spent auto-exploring this place.
 F = Levels seen in this place.
 G = Mean time per level.
                   A        B        C        D        E       F      G
               +--------+--------+--------+--------+--------+-----+--------+
         Total |   8336 |   7964 |    372 |   1870 |   4258 |   8 | 1042.0 |
       Dungeon |   8002 |   7630 |    372 |   1661 |   4258 |   7 | 1143.1 |
         Sewer |    333 |    333 |      0 |    209 |      0 |   1 |  333.0 |
               +--------+--------+--------+--------+--------+-----+--------+

Top non-repeatable levels by time:
     D:3: 2247 daAuts
     D:5: 1510 daAuts
     D:1: 1330 daAuts
     D:4: 1102 daAuts
     D:6: 1005 daAuts
     D:2: 799 daAuts
   Sewer: 333 daAuts
     D:7: 6 daAuts
